AoeStats
← otoro1218

Coastal Forest

510769709Analyzed
2v2 RM · 14h ago on Oct 2, 2026· 42m 0s· 4 players
Game mode
Random Map
Map size
Medium (4 player)
Population
200
Speed
Normal
Resources
Standard
Victory
Conquest
Starting age
Dark Age
Ending age
Imperial Age
RankedLock teamsTeams togetherTeam positionsShared explorationLock speedFull tech treeHidden civsTurbo modeCheats
Victory
Defeat
🇹🇼 Franks · Taiwan
1028
+14
🇹🇼 Vietnamese · Taiwan
1020
+15
🇺🇸 Danes · United States
992
-15
🇪🇸 Britons · Spain
988
-40
christian_gore
10:11 Feudal Age
10:46 Double-Bit Axe
18:27 Castle Age
17:39 Gold Mining
20:57 Wheelbarrow
20:51 Crossbowman
21:44 Padded Archer Armor
22:44 Wheelbarrow
23:12 Gold Shaft Mining
22:30 Stone Mining
26:31 Hand Cart
30:06 Leather Archer Armor
32:19 Fletching
37:53 Imperial Age
38:30 Elite Longbowman
38:41 Elite Longbowman
40:25 Chemistry
Japanese2009
9:56 Feudal Age
10:10 Loom
15:26 Castle Age
13:35 Double-Bit Axe
15:12 Wheelbarrow
14:40 Horse Collar
18:49 Squires
19:47 Forging
20:36 Scale Mail Armor
20:47 Town Watch
21:35 Gambesons
22:31 Arson
23:17 Gold Mining
25:55 Iron Casting
27:40 Bow Saw
30:30 Heavy Plow
30:50 Chain Mail Armor
32:47 Gold Shaft Mining
39:25 Imperial Age
37:27 Fletching
37:49 Masonry
39:03 Stone Mining
40:09 Capped Ram
40:16 Elite Varangian Guard
chenshengyu
11:48 Feudal Age
13:10 Double-Bit Axe
16:16 Scale Barding Armor
16:57 Forging
17:05 Man-at-Arms
17:49 Gold Mining
20:32 Wheelbarrow
23:51 Castle Age
23:18 Town Watch
24:01 Fishing Lines
24:52 Bow Saw
24:23 Long Swordsman
25:07 Squires
24:59 Gambesons
26:26 Scale Mail Armor
30:34 Hand Cart
30:38 Stone Mining
31:25 Gold Shaft Mining
31:09 Town Patrol
38:32 Imperial Age
39:09 Chain Mail Armor
39:31 Iron Casting
39:49 Conscription
39:02 Elite Throwing Axeman
40:20 Plate Mail Armor
40:10 Onager
42:19 Blast Furnace
otoro1218
11:05 Feudal Age
12:02 Loom
12:13 Double-Bit Axe
12:11 Horse Collar
18:41 Castle Age
16:37 Gold Mining
18:02 Stone Mining
18:08 Town Watch
19:34 Bow Saw
20:46 Fishing Lines
20:51 Pikeman
21:32 Squires
31:37 Imperial Age
29:48 Wheelbarrow
29:45 Heavy Plow
31:10 Gillnets
32:01 Ballistics
31:37 Murder Holes
31:57 Fortified Wall
32:07 Bloodlines
31:59 Husbandry
31:22 Elite Skirmisher
32:11 Thumb Ring
33:33 Imperial Skirmisher
35:47 Paper Money
35:28 Chatras
36:29 Siege Engineers
37:25 Chemistry
37:23 Fletching
37:35 Padded Archer Armor
41:17 Two-Man Saw
Connection lost

Rejoining the realm…

Still unreachable

The connection could not be restored.

Session expired

The server has moved on; the page needs a fresh start.